Map: King's Cove LE

Players

Neeb

  • Race: Protoss Protoss
  • Spawn Location: 11:00

Special - Winner!

  • Race: Terran Terran
  • League: Master
  • Spawn Location: 5:00

Event: 2019 WCS Spring

VOD

Have the link to the VOD?

Description

Time

  • Played on: May 19, 2019, 10:53 a.m.
  • Length: 11:18

All games in this series

Show
View Real Time Build Order
Export as new Build Order

Neeb Protoss 

Build Orders: 1 Gate Expand, Oracle Opening, Archon Immortal 

Get SALT Encoding   

  12  0:00  Probe  
  13  0:12  Probe  
  14  0:17  Pylon  
  14  0:24  Probe  
  15  0:32  Probe  
  15  0:37  Gateway  
  15  0:40  Probe  
  16  0:47  Assimilator  
  17  0:51  Probe  
  18  1:03  Probe  
  19  1:15  Probe  
  20  1:25  Cybernetics Core  
  20  1:34  Nexus  
  21  1:42  Pylon  
  21  1:44  Probe  
  21  1:50  Assimilator  
  21  1:52  Stalker  
  21  1:56  Probe  
  24  2:08  Probe  
  24  2:20  Probe  
  25  2:24  Adept  
  26  2:32  Probe  
  27  2:43  Stargate  
  27  2:45  Probe  
  27  2:47  Probe  
  29  2:54  Adept  
  29  2:56  Warp Gate  
  29  2:57  Probe  
  32  2:58  Probe  
  33  3:05  Shield Battery  
  33  3:07  Probe  
  33  3:09  Probe  
  35  3:19  Probe  
  34  3:21  Probe  
  34  3:26  Oracle  
  36  3:33  Probe  
  40  3:41  Pylon  
  40  3:42  Probe  
  40  3:45  Probe  
  42  3:55  Oracle, Probe  
  43  3:57  Probe  
  43  4:02  Gateway  
  44  4:03  Gateway  
  44  4:07  Probe  
  44  4:09  Probe  
  49  4:16  Pylon  
  49  4:19  Probe  
  49  4:22  Probe  
  51  4:26  Oracle  
  51  4:31  Probe  
  51  4:34  Probe  
  51  4:38  Pylon  
  56  4:45  Nexus  
  56  4:48  Pylon  
  56  4:51  Stalker  
  58  4:54  Probe  
  58  4:55  Probe  
  60  5:05  Pylon  
  60  5:08  Adept x2  
  60  5:09  Probe  
  66  5:15  Assimilator  
  66  5:17  Assimilator  
  66  5:18  Forge  
  63  5:21  Probe  
  63  5:23  Twilight Council, Probe  
  64  5:29  Sentry  
  64  5:33  Probe  
  67  5:36  Probe  
  67  5:38  Stalker  
  66  5:46  Probe  
  67  5:53  Stalker, Probe  
  67  5:55  Probe  
  67  5:56  Probe  
  66  6:00  Charge, Protoss Ground Armor Level 1  
  66  6:01  Probe  
  66  6:03  Probe  
  66  6:04  Probe  
  66  6:09  Probe  
  69  6:12  Probe  
  69  6:13  Probe  
  72  6:20  Probe  
  72  6:24  Sentry, Probe  
  76  6:25  Probe  
  76  6:29  Gateway x2  
  76  6:31  Gateway  
  77  6:33  Probe  
  77  6:36  Probe  
  77  6:39  Gateway  
  79  6:41  Gateway  
  79  6:43  Zealot, Sentry  
  81  6:48  Stalker  
  81  6:54  Probe  
  79  6:55  Probe  
  77  7:01  Probe  
  77  7:06  Probe  
  79  7:09  Probe  
  79  7:11  Assimilator  
  79  7:12  Templar Archives  
  79  7:13  Assimilator  
  79  7:15  Zealot x2  
  85  7:17  Pylon  
  85  7:20  Robotics Facility  
  87  7:23  Zealot  
  87  7:25  Zealot x2  
  87  7:28  Shield Battery  
  90  7:35  Zealot x3  
  96  7:42  Zealot x2  
  96  7:44  Pylon  
  100  7:47  Zealot x2  
  100  7:48  Pylon  
  104  7:51  High Templar  
  98  7:59  High Templar  
  98  8:02  Zealot  
  98  8:03  Zealot x2, Archon  
  89  8:12  Zealot x2  
  89  8:13  Zealot  
  89  8:15  Immortal  
  83  8:23  Probe x3  
  83  8:24  Zealot x4  
  94  8:32  Zealot x3  
  94  8:33  Zealot  
  90  8:35  Probe x2  
  90  8:36  Probe  
  89  8:41  Immortal  
  89  8:46  Protoss Ground Armor Level 2  
  81  8:48  Zealot x2  
  81  8:49  Shield Battery  
  81  8:51  Shield Battery  
  81  8:52  High Templar x2  
  81  8:54  Zealot  
  95  8:58  Zealot x3, Archon  
  97  9:13  Immortal  
  97  9:16  Sentry  
  93  9:17  Stalker  
  93  9:18  Zealot x2  
  93  9:21  Zealot  
  93  9:22  Zealot  
  97  9:28  Stalker x2  
  97  9:30  Probe  
  97  9:31  Probe  
  90  9:41  Zealot  
  90  9:42  Zealot x3  
  90  9:45  Zealot x2  
  99  9:52  Sentry x2  
  101  9:55  Immortal  
  95  10:04  Shield Battery x2  
  93  10:08  Stalker, Zealot x3  
  99  10:21  Stalker x2  
  99  10:22  Stalker x2  
  107  10:30  Observer  
  108  10:36  Nexus, High Templar x2  
  108  10:41  Zealot x2  
  116  10:43  Archon  
  108  10:53  Stalker x4  
  86  11:07  Stalker x2  
  86  11:09  Stalker x2  
Show
View Real Time Build Order
Export as new Build Order

Special Terran - Winner!

Build Orders: Liberator Opening 

Get SALT Encoding   

  12  0:00  SCV  
  13  0:13  SCV  
  14  0:18  Supply Depot  
  14  0:25  SCV  
  15  0:40  SCV  
  15  0:41  Barracks  
  16  0:46  Refinery  
  16  0:52  SCV  
  16  0:56  Refinery  
  17  1:04  SCV  
  18  1:16  SCV  
  19  1:28  Reaper  
  19  1:29  Orbital Command  
  20  1:41  Supply Depot  
  20  1:46  Factory  
  20  1:55  SCV  
  20  2:00  Reaper  
  22  2:07  SCV  
  23  2:20  SCV  
  26  2:30  Hellion  
  26  2:33  Command Center  
  26  2:34  SCV  
  27  2:43  Starport  
  27  2:47  SCV  
  27  2:50  Supply Depot  
  28  2:54  Widow Mine  
  30  2:59  SCV  
  31  3:12  SCV  
  32  3:16  Widow Mine  
  34  3:24  SCV  
  37  3:30  Viking  
  35  3:36  SCV  
  35  3:40  Factory Tech Lab  
  36  3:43  Liberator  
  36  3:46  Orbital Command  
  36  3:48  SCV  
  36  3:51  Barracks  
  37  4:00  SCV  
  37  4:01  Cyclone  
  44  4:12  SCV  
  44  4:13  SCV, Barracks Reactor  
  46  4:17  Supply Depot, Barracks  
  44  4:24  SCV  
  44  4:25  SCV  
  46  4:36  SCV, Siege Tank  
  46  4:37  SCV  
  51  4:40  Supply Depot  
  51  4:44  Starport Tech Lab, Barracks Tech Lab  
  51  4:47  Supply Depot, Refinery  
  51  4:48  SCV  
  51  4:49  SCV  
  51  4:51  Marine  
  54  4:53  Marine  
  55  5:00  SCV  
  55  5:01  SCV  
  55  5:03  Supply Depot  
  55  5:04  Marine x2  
  55  5:06  Raven  
  61  5:09  Marine  
  61  5:13  SCV x2  
  64  5:14  Refinery  
  64  5:22  Marine x3  
  64  5:24  Stimpack  
  64  5:25  SCV x2  
  69  5:30  Engineering Bay  
  69  5:37  SCV x2  
  68  5:43  Siege Tank  
  68  5:46  Marine x2  
  68  5:47  Marine  
  75  5:53  SCV  
  75  5:54  SCV  
  76  5:59  Terran Infantry Weapons Level 1  
  76  6:00  Starport Reactor  
  76  6:02  Supply Depot  
  73  6:05  SCV, Marine  
  73  6:06  Marine  
  73  6:09  Supply Depot  
  73  6:10  Marauder x2, Supply Depot  
  80  6:13  SCV  
  80  6:17  Combat Shield  
  80  6:18  SCV  
  82  6:23  Marine x2  
  84  6:31  Marauder x2  
  84  6:32  Siege Tank  
  91  6:36  Supply Depot  
  91  6:41  Marine x2  
  91  6:44  Medivac  
  95  6:51  Medivac  
  95  6:53  SCV  
  98  6:59  Marine x2  
  98  7:00  Marauder  
  100  7:06  SCV  
  100  7:08  Supply Depot  
  99  7:11  Command Center  
  97  7:16  Factory Reactor  
  97  7:17  Barracks, Marine x2  
  97  7:22  Supply Depot x2  
  99  7:23  Barracks  
  99  7:25  SCV x2  
  99  7:28  Marauder  
  103  7:30  Medivac  
  103  7:34  Marine  
  103  7:35  Marine  
  108  7:37  SCV x2, Medivac  
  111  7:45  Marauder  
  111  7:50  Marauder  
  109  8:00  Marine x2  
  109  8:03  Liberator, Widow Mine  
  109  8:04  Widow Mine  
  115  8:06  Marauder  
  112  8:14  SCV, Liberator  
  112  8:18  Marine x2  
  112  8:19  Marauder x2, Barracks Reactor  
  109  8:23  SCV  
  109  8:25  Widow Mine x2  
  117  8:30  Concussive Shells  
  116  8:34  SCV  
  116  8:36  SCV  
  116  8:37  Orbital Command  
  113  8:44  Marauder, Marine  
  113  8:46  Widow Mine x2  
  113  8:48  SCV x2, Liberator  
  117  8:49  Marine  
  117  8:53  Marauder  
  122  8:57  Terran Infantry Armor Level 1  
  122  8:59  Liberator  
  122  9:01  Marine  
  123  9:06  Marine x2  
  123  9:08  Widow Mine x2  
  123  9:09  Marauder  
  129  9:17  SCV  
  125  9:29  Widow Mine x2  
  118  9:32  Marauder, Marine  
  118  9:35  SCV x2  
  118  9:40  SCV  
  118  9:41  Refinery  
  118  9:43  Marine, Supply Depot  
  118  9:44  Refinery, Liberator, Marine x4  
  124  9:47  SCV  
  124  9:50  Widow Mine x2  
  126  9:54  Marauder  
  126  9:56  Armory  
  126  9:58  Engineering Bay  
  127  10:02  Marauder  
  127  10:04  Marauder  
  129  10:07  Marine  
  129  10:12  Widow Mine x2  
  129  10:13  Supply Depot, Marine  
  131  10:15  Marauder  
  131  10:16  Medivac  
  131  10:17  Marine  
  131  10:18  Marine  
  137  10:30  Marine  
  137  10:31  Marine  
  137  10:33  Widow Mine x2  
  143  10:43  Marauder, Marine  
  144  10:50  Command Center  
  144  10:51  Marine x2  
  144  10:52  Marauder  
  144  10:54  Widow Mine, Marine  
  144  10:55  Marauder, Widow Mine  
  142  10:59  SCV  
Tags
 
Add a new tag
Caveats
  • Supply blocks, unpowered buildings, or Contaminate may cause inaccurate times.
  • Supply counts are checked every 10 seconds.